 Dungeon Crawl Stone Soup version 0.30-a0-578-gdee14c521f (webtiles) character file.

Game seed: 7136142700320699178

596 Twinkles the Ruffian (level 7, -4/67 HPs)
             Began as a Troll Gladiator on Dec 31, 2022.
             Was an Initiate of the Shining One.
             Slain by Pikel
             ... wielding a +1 whip of electrocution
              (7 damage)
             ... on level 4 of the Dungeon.
             The game lasted 00:08:09 (4244 turns).

Twinkles the Ruffian (Troll Gladiator)              Turns: 4244, Time: 00:08:09

Health: -4/67      AC:  4    Str: 25    XL:     7   Next: 17%
Magic:  6/6        EV:  9    Int:  4    God:    the Shining One [......]
Gold:   183        SH:  7    Dex: 11    Spells: 6/6 levels left

rFire   . . .      SeeInvis .      - Unarmed
rCold   + . .      Faith    .    x - +0 kite shield
rNeg    . . .      Spirit   .    a - +0 robe
rPois   .          Reflect  .    b - +0 hat
rElec   .          Harm     .    (no cloak)
rCorr   .          Rampage  .    (gloves unavailable)
Will    +....                    (boots unavailable)
Stlth   +                        (no amulet)
HPRegen 1.11/turn                r - ring of willpower
MPRegen 0.10/turn                E - ring of protection from cold

@: flying, glowing
A: large, unfitting armour, claws 3, regeneration 1, shaggy fur 1, tough skin 1
a: Renounce Religion


You were on level 4 of the Dungeon.
You worshipped the Shining One.
The Shining One was noncommittal.
You visited 2 branches of the dungeon, and saw 5 of its levels.

You collected 183 gold pieces.

Inventory:

Hand Weapons
 w - a +0 dagger of electrocution
Missiles
 c - 5 throwing nets (quivered)
 g - 6 boomerangs
 l - 4 curare-tipped darts
 p - 4 large rocks
 y - 7 poisoned darts
 A - 4 javelins
Armour
 a - a +0 robe (worn)
 b - a +0 hat (worn)
 x - a +0 kite shield (worn)
Jewellery
 r - a ring of willpower (left claw)
 E - a ring of protection from cold (right claw)
Wands
 d - a wand of digging (2)
 j - a wand of polymorph (10)
 v - a wand of quicksilver (7)
Scrolls
 f - a scroll of noise {unknown}
 h - 2 scrolls of magic mapping {unknown}
 i - a scroll of enchant weapon {unknown}
 k - 2 scrolls of amnesia {unknown}
 m - a scroll of immolation {unknown}
 n - 4 scrolls of teleportation {unknown}
 q - 7 scrolls of identify {unknown}
 s - a scroll of enchant armour {unknown}
Potions
 e - a potion of heal wounds {unknown}
 o - a potion of brilliance {unknown}
 u - a potion of might {unknown}
 z - a potion of curing {unknown}
 B - a potion of resistance {unknown}
 C - a potion of lignification {unknown}
 D - a potion of degeneration {unknown}
 L - a potion of flight


   Skills:
 + Level 3.0 Fighting
 * Level 3.8 Throwing
 + Level 3.5 Dodging
 + Level 1.5 Shields
 * Level 5.3 Unarmed Combat


You had 6 spell levels left.
You didn't know any spells.
Your spell library was empty.

Dungeon Overview and Level Annotations

Branches:
Dungeon (4/15) Zot: 19799  Temple (1/1) D:4 Zot: 5957

Altars:
Ashenzari
Cheibriados
Dithmenos
Elyvilon
Fedhas
Gozag
Hepliaklqana
Kikubaaqudgha
Makhleb
Nemelex Xobeh
Okawaru
Qazlal
Sif Muna
Trog
Vehumet
Wu Jian
Xom
Yredelemnul
The Shining One

Annotations:
D:2 exclusion: downstairs
D:4 Pikel


Innate Abilities, Weirdness & Mutations

You are too large for most types of armour.
You have claws for hands.
Your natural rate of healing is unusually fast.
You are covered in fur. (AC +1)
You have tough skin. (AC +1)


Message History

You barely miss Pikel.
Pikel is lightly wounded.
Pikel barely misses you.
Pikel hits you with a +1 whip of electrocution.
You closely miss Pikel.
Pikel is lightly wounded.
Pikel barely misses you.
Pikel hits you with a +1 whip of electrocution.
You closely miss Pikel.
Pikel is lightly wounded.
Pikel hits you with a +1 whip of electrocution.
You barely miss Pikel.
Pikel is lightly wounded.
Pikel barely misses you. x2
You scratch Pikel.
Pikel is lightly wounded.
You block Pikel's attack.
You scratch Pikel but do no damage.
Pikel is lightly wounded.
Pikel hits you but does no damage. You block Pikel's attack.
You barely miss Pikel.
Pikel is lightly wounded.
Pikel hits you with a +1 whip of electrocution! x2
* * * LOW HITPOINT WARNING * * *
You barely miss Pikel.
Pikel is lightly wounded.
You block Pikel's attack.
It was a potion of flight.
You feel very buoyant.
You fly up into the air.
L - a potion of flight You block Pikel's attack.
A lemure comes into view.
Pikel hits you with a +1 whip of electrocution!
* * * LOW HITPOINT WARNING * * *
You barely miss Pikel.
Pikel is lightly wounded.
The lemure shouts!
Pikel hits you with a +1 whip of electrocution!
You die...

###.....# #....... ##..#
##......# #.....# # #...#
........######.#.....##.# #...###
...............#...5....# #......
###+###.########.##...###.#...###
#.........55........#...#
#.#####.##5##.#.#####...### #.#
#.##K##.#.# #...... #.# #.##@##.#
#######.###
#.#####.##.##.#............
#.......##..............###
#.#####.##.############.# ###
###### ###


You could see Pikel (berserk) and 3 lemures.

Vanquished Creatures
  Sigmund (D:3)
  A black bear (D:4)
  An ogre (D:4)
  A lemure (D:4)
  A kobold brigand (D:3)
  Jessica (D:2)
  Ijyb (D:3)
  Natasha (thrice) (D:4)
  An adder (D:4)
  A worm (D:3)
  2 dart slugs (D:1)
  6 orcs
  4 endoplasms
  3 giant cockroaches
  2 hobgoblins
  2 jackals (D:1)
  11 kobolds
  5 quokkas
  5 ball pythons
  7 bats
  3 frilled lizards
  3 goblins
  5 rats
70 creatures vanquished.

Vanquished Creatures (others)
  5 plants (D:3)
5 creatures vanquished.

Grand Total: 75 creatures vanquished

Notes
Turn   | Place    | Note
-------+----------+-------------------------------------------
     0 | D:1      | Twinkles the Troll Gladiator began the quest for the Orb.
     0 | D:1      | Reached XP level 1. HP: 19/19 MP: 0/0
   210 | D:1      | Reached XP level 2. HP: 28/28 MP: 1/1
   357 | D:1      | Found a faded altar of an unknown god.
   581 | D:1      | Reached XP level 3. HP: 35/35 MP: 2/2
   961 | D:2      | Noticed Jessica
   964 | D:2      | Killed Jessica
  1688 | D:3      | Reached XP level 4. HP: 42/42 MP: 3/3
  1708 | D:3      | Noticed Sigmund
  1792 | D:3      | Found a snail-covered altar of Cheibriados.
  1833 | D:3      | Noticed Ijyb
  1838 | D:3      | Killed Ijyb
  1839 | D:3      | Reached skill level 4 in Unarmed Combat
  1998 | D:3      | Noticed a kobold brigand
  2014 | D:3      | Killed a kobold brigand
  2015 | D:3      | Reached XP level 5. HP: 43/50 MP: 4/4
  2105 | D:3      | Found a stormy altar of Qazlal.
  2105 | D:3      | Found a shimmering altar of Xom.
  2107 | D:3      | Found a hazy altar of Hepliaklqana.
  2408 | D:3      | Identified the +2 cloak of Inference {rC- rN+ Dex+7}
  2602 | D:3      | Killed Sigmund
  2603 | D:3      | Reached XP level 6. HP: 28/59 MP: 5/5
  3074 | D:4      | Reached skill level 1 in Shields
  3074 | D:4      | Reached skill level 5 in Unarmed Combat
  3255 | D:4      | Noticed Natasha
  3259 | D:4      | Killed Natasha
  3260 | D:4      | Reached XP level 7. HP: 63/66 MP: 6/6
  3330 | D:4      | Found a staircase to the Ecumenical Temple.
  3339 | Temple   | Entered the Ecumenical Temple
  3339 | Temple   | Found a transporter.
  3339 | Temple   | Found a transporter.
  3341 | Temple   | Found a transporter.
  3341 | Temple   | Found a transporter.
  3361 | Temple   | Became a worshipper of the Shining One
  3683 | D:4      | Noticed Natasha
  3691 | D:4      | Killed Natasha
  3813 | D:4      | Noticed Natasha
  3817 | D:4      | Killed Natasha
  4221 | D:4      | Noticed Pikel
  4241 | D:4      | HP: 11/67 [Pikel/+1 whip of electrocution (14)]
  4243 | D:4      | HP: 2/67 [Pikel/+1 whip of electrocution (11)]
  4244 | D:4      | Slain by Pikel

Illustrated notes

Levels and vault maps discovered:
D:1:      dpeg_arrival_concentric_ovals, layout_rooms,
          ebering_ecumenical_altar_petrified, nicolae_hexahallways
D:2:      layout_rooms, serial_co_window_serial, co_window_paths_a,
          co_window_of_opportunity_a, co_window_paths_b, co_window_paths_a,
          co_window_corner_a, co_window_broadway_b, co_window_broadway_b,
          co_window_broadway_c, co_window_2corner, co_window_broadway_b,
          co_window_4corner_a, co_window_paths_d, glass_columns_c,
          glass_columns_a, glass_columns_a, glass_columns_a, glass_columns_a,
          uniq_jessica
D:3:      layout_loops_corners, gammafunk_temple_overflow_claw,
          lemuel_doored_altar, serial_forest, infiniplex_forest_lined_3_way,
          infiniplex_forest_join, infiniplex_forest_straight_2,
          infiniplex_forest_diagonal, infiniplex_forest_end_2,
          infiniplex_forest_clump_medium, infiniplex_forest_corner_1, uniq_ijyb,
          uniq_sigmund
D:4:      layout_basic, minmay_temple_entry_waves, serial_rivers,
          chequers_serial_rivers_micro_d, chequers_serial_rivers_micro_a,
          chequers_serial_rivers_micro_b, chequers_serial_rivers_large_b,
          chequers_serial_rivers_large_a, interstate_on_off, uniq_natasha,
          uniq_pikel
Temple:   hellmonk_temple_divided_pantheon

Skill      XL: |  1  2  3  4  5  6  7 |
---------------+----------------------+-----
Throwing       | 2 3 |  3.8
Fighting       | 2 3 |  3.0
Unarmed Combat | 4 5 |  5.3
Dodging        | 3 |  3.5
Shields        | 1 |  1.5

Action                   |  1- 3 |  4- 6 |  7- 9 || total
-------------------------+-------+-------+-------++-------
Melee: Unarmed           |    90 |    72 |    46 ||   208
       Punch             |       |     1 |       ||     1
  Use: Potion            |       |       |     1 ||     1
 Stab: Sleeping          |     2 |       |       ||     2
Armor: Robe              |    28 |    15 |     3 ||    46
Dodge: Dodged            |    41 |    25 |    18 ||    84
Block: Kite shield       |       |     8 |    21 ||    29

Table legend: (Time is in decaauts)
 A = Elapsed time spent in this place.
 B = Non-inter-level travel time spent in this place.
 C = Inter-level travel time spent in this place.
 D = Time resting spent in this place.
 E = Time spent auto-exploring this place.
 F = Levels seen in this place.
 G = Mean time per level.
                   A        B        C        D        E       F      G
               +--------+--------+--------+--------+--------+-----+--------+
         Total |   4242 |   3914 |    328 |    118 |   3216 |   5 |  848.4 |
       Dungeon |   4199 |   3896 |    303 |    118 |   3210 |   4 | 1049.8 |
        Temple |     42 |     17 |     25 |      0 |      6 |   1 |   42.0 |
               +--------+--------+--------+--------+--------+-----+--------+

Top non-repeatable levels by time:
     D:3: 1366 daAuts
     D:4: 1139 daAuts
     D:1: 852 daAuts
     D:2: 841 daAuts
  Temple: 42 daAuts
